 Dungeon Crawl Stone Soup version 0.20.1-1-g8b1a95d (webtiles) character file.

1206 Hylith the Cleaver (level 8, 0/70 HPs)
             Began as a Minotaur Berserker on Dec 25, 2017.
             Was a Priest of Trog.
             Slain by Prince Ribbit (13 damage)
             ... on level 7 of the Dungeon.
             The game lasted 00:15:08 (4709 turns).

Hylith the Cleaver (Minotaur Berserker)             Turns: 4709, Time: 00:15:09

Health: 0/70       AC: 11    Str: 25    XL:     8   Next: 21%
Magic:  7/7        EV: 11    Int:  4    God:    Trog [***...]
Gold:   409        SH:  0    Dex:  9    Spells: 7/7 levels left

rFire    . . .     SeeInvis .   a - +0 hand axe
rCold    . . .     Gourm    .   (no shield)
rNeg     + . .     Faith    .   l - +0 scale mail
rPois    .         Spirit   .   (helmet restricted)
rElec    .         Reflect  .   (no cloak)
rCorr    .         Harm     .   h - +0 pair of gloves
MR       .....                  u - +0 pair of boots (curse)
Stlth    ..........             (no amulet)
Regen    0.3/turn               e - ring of positive energy
MPRegen  0.1/turn               t - +1 ring of protection

@: no status effects
A: retaliatory headbutt, horns 2
a: Berserk, Trog's Hand, Burn Spellbooks, Renounce Religion


You were on level 7 of the Dungeon.
You worshipped Trog.
Trog was most pleased with you.
You were not hungry.

You visited 1 branch of the dungeon, and saw 8 of its levels.

You collected 409 gold pieces.

Inventory:

Hand Weapons
 a - a +0 hand axe (weapon)
 w - the +7 spear of Ylemudayt {distort, rC++ MP+9 Int+3 Dex-5, unknown}
   (You found it on level 4 of the Dungeon)

   It warps and distorts space around it.
   Unwielding it can cause banishment or high damage.
   It affects your intelligence (+3).
   It affects your dexterity (-5).
   It greatly protects you from cold.
   It affects your magic capacity (+9).
Armour
 h - a +0 pair of gloves (worn)
 l - a +0 scale mail (worn)
 u - a cursed +0 pair of boots (worn)
Jewellery
 e - a ring of positive energy (left hand)
 t - a +1 ring of protection (right hand)
Scrolls
 g - 6 scrolls of identify {unknown}
 i - 2 scrolls of fog {unknown}
 j - a scroll of magic mapping {unknown}
 k - 5 scrolls of remove curse {unknown}
 n - a scroll of enchant weapon {unknown}
 r - a scroll of recharging {unknown}
 s - a scroll of random uselessness {unknown}
Potions
 d - a potion of agility {unknown}
 o - a potion of brilliance
 p - a potion of resistance
 q - a potion of flight {unknown}
Books
 v - a book of Changes

   Spells                             Type                      Level
   a - Beastly Appendage              Transmutation                1
   b - Sticks to Snakes               Transmutation                2
   c - Spider Form                    Transmutation/Poison         3
   d - Ice Form                       Ice/Transmutation            4
   e - Blade Hands                    Transmutation                5
   Trog disapproves of the use of such an item.
Comestibles
 c - 4 bread rations
 f - 10 fruits
 x - a royal jelly


   Skills:
 * Level 6.3 Fighting
 * Level 8.6 Axes
 * Level 6.8 Armour
 + Level 3.5 Dodging


You had 7 spell levels left.
You didn't know any spells.

Dungeon Overview and Level Annotations

Branches:
Dungeon (8/15)
 Temple: D:4-7         Lair: D:8-11

Altars:
Okawaru
Ru
Sif Muna
Zin

Shops:
D:2 *

Annotations:
D:6 Grinder
D:7 Prince Ribbit


Innate Abilities, Weirdness & Mutations

You reflexively headbutt those who attack you in melee.
You have a pair of horns on your head.


Message History

You miss Prince Ribbit. Your headbutt misses Prince Ribbit.
Prince Ribbit is moderately wounded.
Prince Ribbit croaks regally.
Prince Ribbit hits you!
You slash Prince Ribbit!
Prince Ribbit is heavily wounded.
Prince Ribbit hits you. Prince Ribbit hits you!
* * * LOW HITPOINT WARNING * * *
You hit Prince Ribbit but do no damage.
Prince Ribbit is heavily wounded.
Prince Ribbit hits you.
* * * LOW HITPOINT WARNING * * *
You slash Prince Ribbit! Your headbutt misses Prince Ribbit.
Prince Ribbit is almost dead.
Prince Ribbit hits you.
* * * LOW HITPOINT WARNING * * *
You barely miss Prince Ribbit.
Prince Ribbit is almost dead.
Prince Ribbit hits you!
You die...

###.# #... ###.### ......#
......# ###. ......#
####..... ......###[...#
######..#
........#.##########...>..#
......#..)....).@F)..#######.
......#.#########.)...)......
#######.# #..).#########..
..# #.#### o... .. ..... .#
..o...


zzz... You could see Prince Ribbit.

Vanquished Creatures
  A black bear (D:5)
  2 sky beasts (D:5)
  An ice beast (D:7)
  2 ogres
  2 bullfrogs
  A wyvern skeleton (D:6)
  A centaur zombie (D:5)
  2 crimson imps
  2 bullfrog skeletons (D:5)
  2 iguanas
  2 orc wizards
  Natasha (twice) (D:4)
  A worker ant (D:5)
  2 hound zombies (D:6)
  3 adders
  2 shadow imps
  An adder zombie (D:5)
  2 worms (D:3)
  3 dart slugs (D:1)
  The ghost of Anon1729 the Grasshopper, a weakling SpWr (D:4)
  10 orcs
  3 giant cockroaches
  6 goblins
  4 hobgoblins
  7 jackals
  5 quokkas
  7 bats
  2 frilled lizards (D:1)
  4 kobolds
  9 rats
92 creatures vanquished.

Notes
Turn   | Place    | Note
-------+----------+-------------------------------------------
     0 | D:1      | Hylith the Minotaur Berserker began the quest for the Orb.
     0 | D:1      | Reached XP level 1. HP: 19/19 MP: 0/0
    61 | D:1      | Reached skill level 4 in Axes
    63 | D:1      | Reached XP level 2. HP: 21/27 MP: 1/1
   744 | D:2      | Reached ** piety under Trog
   967 | D:2      | Reached XP level 3. HP: 32/33 MP: 2/2
  1268 | D:2      | Found Zin's Purification Station.
  1268 | D:2      | Found a glowing silver altar of Zin.
  2074 | D:3      | Reached XP level 4. HP: 23/41 MP: 3/3
  2889 | D:4      | Noticed Anon1729's ghost (weakling SpWr)
  2894 | D:4      | Killed Anon1729's ghost
  2944 | D:4      | Reached skill level 5 in Axes
  3068 | D:4      | Noticed an ogre
  3074 | D:4      | Killed an ogre
  3074 | D:4      | Reached skill level 5 in Fighting
  3074 | D:4      | Reached XP level 5. HP: 48/48 MP: 4/4
  3085 | D:4      | Noticed Natasha
  3099 | D:4      | Killed Natasha
  3113 | D:4      | Found a deep blue altar of Sif Muna.
  3201 | D:4      | Reached skill level 6 in Axes
  3249 | D:4      | Reached XP level 6. HP: 52/56 MP: 5/5
  3294 | D:4      | Noticed Natasha
  3299 | D:4      | Killed Natasha
  3319 | D:4      | Got a bone spear
  3547 | D:5      | Entered Level 5 of the Dungeon
  3645 | D:5      | Reached *** piety under Trog
  3682 | D:5      | Noticed a sky beast
  3709 | D:5      | Killed a sky beast
  3709 | D:5      | Reached skill level 5 in Armour
  3796 | D:5      | Reached skill level 7 in Axes
  3796 | D:5      | Reached XP level 7. HP: 25/61 MP: 6/6
  3978 | D:5      | Found a sacrificial altar of Ru.
  4069 | D:5      | Found an iron altar of Okawaru.
  4358 | D:6      | Reached skill level 8 in Axes
  4376 | D:6      | Noticed Grinder
  4376 | D:6      | Paralysed by Grinder for 7 turns
  4409 | D:7      | Reached XP level 8. HP: 23/70 MP: 7/7
  4643 | D:8      | Noticed a two-headed ogre
  4669 | D:7      | Noticed Prince Ribbit
  4709 | D:7      | Slain by Prince Ribbit

Skill      XL: |  1  2  3  4  5  6  7  8 |
---------------+-------------------------+-----
Axes           | 4 5 6 7 8 |  8.6
Fighting       | 4 5 6 |  6.3
Armour         | 3 4 5 6 |  6.8
Dodging        | 3 |  3.5

Action                   |  1- 3 |  4- 6 |  7- 9 || total
-------------------------+-------+-------+-------++-------
Melee: Hand axe          |    94 |   111 |    91 ||   296
       Headbutt          |    21 |    24 |    18 ||    63
  Use: Potion            |       |       |     3 ||     3
  Eat: Bread ration      |     1 |     1 |       ||     2
       Fruit             |       |     3 |     1 ||     4
Armor: Animal skin       |     5 |       |       ||     5
       Leather armour    |    12 |       |       ||    12
       Scale mail        |    11 |    48 |    43 ||   102
Dodge: Dodged            |    55 |    47 |    45 ||   147
